 Dungeon Crawl Stone Soup version 0.29.0-4-gdea44cf6ec (webtiles) character file.

Game seed: 16479530839261537238

29 qw the Chopper (level 3, -10/29 HPs)
             Began as a Barachi Chaos Knight on Sept 5, 2022.
             Mangled by Terence
             ... wielding a +0 flail
              (13 damage)
             ... on level 2 of the Dungeon.
             The game lasted 00:00:39 (1653 turns).

qw the Chopper (Barachi Chaos Knight)               Turns: 1653, Time: 00:00:40

Health: -10/29     AC:  5    Str:  8 (11) XL:     3   Next: 16%
Magic:  3/3        EV:  5    Int: 11 (12) God:
Gold:   19         SH:  9    Dex:  8 (11) Spells: 2/2 levels left

rFire   . . .      SeeInvis .   Y - +0 hand axe (chaos)
rCold   . . .      Faith    .   j - +0 tower shield
rNeg    . . .      Spirit   .   g - +0 ring mail
rPois   .          Reflect  .   (no helmet)
rElec   .          Harm     .   (no cloak)
rCorr   .          Rampage  .   (no gloves)
Will    .....                   (no boots)
Stlth   ..........              (no amulet)
HPRegen 0.09/turn               (no ring)
MPRegen 0.08/turn               (no ring)

@: slow
A: amphibious, slowness 1, strong legs 1, +LOS, sense surroundings 1, screaming
1, weak 2
a: Hop


You were on level 2 of the Dungeon.
You visited 1 branch of the dungeon, and saw 2 of its levels.

You collected 19 gold pieces.


Innate Abilities, Weirdness & Mutations

You are amphibious.
You cover ground slowly.
You can hop short distances.
You have an extended range of vision and can be seen from far away.
You passively map a small area around you.
You occasionally shout uncontrollably at your foes.
You are very weak. (Str -4)


   Skills:
 - Level 3.6 Fighting
 - Level 4.5 Axes
 - Level 2.4 Armour
 - Level 1.1 Dodging
 + Level 0.5 Shields


You had 2 spell levels left.
You didn't know any spells.
Your spell library was empty.

Inventory:

Hand Weapons
 l - a +0 whip
 Y - a +0 hand axe of chaos (weapon)
Armour
 e - a +0 chain mail
 g - a +0 ring mail (worn)
 j - a +0 tower shield (worn)
Jewellery
 a - an amulet of regeneration
Scrolls
 b - a scroll of fog {unknown}
 d - a scroll of summoning {unknown}
Potions
 f - a potion of cancellation {unknown}
 h - a potion of lignification {unknown}
 i - a potion of ambrosia {unknown}
Miscellaneous
 c - a piece from Xom's chessboard (15/15)

Dungeon Overview and Level Annotations

Branches:
Dungeon (2/15)

Altars:
Trog

Shops:
D:1 ?

Annotations:
D:2 Natasha, Terence


Message History

Found a dagger.
Terence shouts!
Enter note: Natasha, Servant of Life and Death comes into view.
1644 ||| Stepping ~*~*~tactically~*~*~ (hiding).
Terence hits you with a +0 flail!
1646 ||| Stepping ~*~*~tactically~*~*~ (hiding).
Terence hits you but does no damage.
You completely miss Terence. Terence hits you with a +0 flail.
You hit Terence.
Terence is lightly wounded.
You block Terence's attack. You block Natasha's attack.
Terence hits you with a +0 flail.
You completely miss Terence.
Terence is lightly wounded.
You barely miss Natasha. Natasha claws you but does no damage.
You block Terence's attack.
You hit Terence.
Terence goes berserk!
Terence is heavily wounded.
You hit Natasha but do no damage. You block Terence's attack.
Natasha claws you but does no damage. You block Terence's attack.
Natasha claws you.
You hit Terence.
Terence is heavily wounded.
You barely miss Natasha. Terence hits you with a +0 flail.
You block Terence's attack. Natasha claws you. You block Terence's attack.
You completely miss Terence.
Terence is heavily wounded.
You hit Natasha. You burn Natasha.
Natasha mumbles some strange words.
You block Terence's attack. Natasha barely misses you.
You block Terence's attack.
You hit Terence but do no damage.
Terence is heavily wounded.
You barely miss Natasha. You hit the crimson imp.
Terence hits you with a +0 flail!
You die...
Xom bursts into laughter!

* ,.#. * ,, ...... , *
* ####.....* * ,
.........####* * , * *
............ , , * *
......#.. * * *
####)...#.# , ,
........#h#######*
###.....#@5.....###
........@.........#**
, ##.#...########.#.#
.?......#.......#.####
#.... #.....#####....#
#..., #..............#
, ##.,
#.#.#.....#....# .. #
#.#...#...#.## * #
#.#...)........# ..


You could see Terence (berserk), Natasha and a crimson imp (summoned).

Vanquished Creatures
  A dart slug (D:1)
  3 ball pythons (D:1)
  An endoplasm (D:1)
  A goblin (D:1)
  5 hobgoblins
  3 jackals (D:1)
  2 kobolds (D:1)
  3 quokkas
  2 frilled lizards (D:1)
  A rat (D:1)
22 creatures vanquished.

Notes
Turn   | Place    | Note
-------+----------+-------------------------------------------
     0 | D:1      | qw the Barachi Chaos Knight began the quest for the Orb.
     0 | D:1      | Reached XP level 1. HP: 18/18 MP: 1/1
     0 | D:1      | 0 ||| qw: Version: 0.1-a-104-g96f76f8
     0 | D:1      | 0 ||| qw: Game counter: 5787
     0 | D:1      | 0 ||| qw: Always use a shield: true
     0 | D:1      | 0 ||| qw: God list: Okawaru
     0 | D:1      | 0 ||| qw: Allow faded altars: false
     0 | D:1      | 0 ||| qw: Do Orc after D:15 true
     0 | D:1      | 0 ||| qw: Do second Lair branch before Depths: true
     0 | D:1      | 0 ||| qw: Lair rune preference: random
     0 | D:1      | 0 ||| qw: Plans: Normal
     0 | D:1      | 0 ||| PLANNING D:1-11
     0 | D:1      | Fell from the grace of Xom
    44 | D:1      | 44 ||| Stepping ~*~*~tactically~*~*~ (stealth).
    48 | D:1      | 48 ||| Stepping ~*~*~tactically~*~*~ (stealth).
    55 | D:1      | 55 ||| Stepping ~*~*~tactically~*~*~ (stealth).
    66 | D:1      | Found Viklior's Magic Scroll Emporium.
    82 | D:1      | 82 ||| SHOPLISTING 2 scrolls of identify (44 gold, have 0).
    82 | D:1      | 82 ||| SHOPLISTING scroll of identify (22 gold, have 0).
   127 | D:1      | Found a faded altar of an unknown god.
   135 | D:1      | Reached XP level 2. HP: 22/24 MP: 2/2
   298 | D:1      | Reached skill level 4 in Axes
   682 | D:1      | 682 ||| Stepping ~*~*~tactically~*~*~ (stealth).
   714 | D:1      | 714 ||| Stepping ~*~*~tactically~*~*~ (stealth).
   717 | D:1      | 717 ||| Stepping ~*~*~tactically~*~*~ (stealth).
   719 | D:1      | 719 ||| Stepping ~*~*~tactically~*~*~ (stealth).
   765 | D:1      | 765 ||| Stepping ~*~*~tactically~*~*~ (stealth).
   768 | D:1      | 768 ||| Stepping ~*~*~tactically~*~*~ (stealth).
   769 | D:1      | 769 ||| Stepping ~*~*~tactically~*~*~ (stealth).
   770 | D:1      | 770 ||| Stepping ~*~*~tactically~*~*~ (stealth).
   788 | D:1      | 788 ||| DROPPING +0 club.
   789 | D:1      | 789 ||| Stepping ~*~*~tactically~*~*~ (stealth).
   815 | D:1      | 815 ||| Stepping ~*~*~tactically~*~*~ (stealth).
   817 | D:1      | 817 ||| Stepping ~*~*~tactically~*~*~ (stealth).
   830 | D:1      | Reached XP level 3. HP: 18/29 MP: 3/3
   834 | D:1      | 834 ||| Stepping ~*~*~tactically~*~*~ (stealth).
   835 | D:1      | 835 ||| Stepping ~*~*~tactically~*~*~ (stealth).
   839 | D:1      | 839 ||| Stepping ~*~*~tactically~*~*~ (stealth).
   840 | D:1      | 840 ||| Stepping ~*~*~tactically~*~*~ (stealth).
   845 | D:1      | 845 ||| Stepping ~*~*~tactically~*~*~ (stealth).
   846 | D:1      | 846 ||| Stepping ~*~*~tactically~*~*~ (stealth).
   904 | D:1      | XOM: give mutations
   904 | D:1      | Gained mutation: You are weak. (Str -2) [Xom's mischief]
   904 | D:1      | Gained mutation: You passively map a small area around you.
                  | [Xom's mischief]
   904 | D:1      | Gained mutation: You are very weak. (Str -4) [Xom's
                  | mischief]
   904 | D:1      | Gained mutation: You occasionally shout uncontrollably at
                  | your foes. [Xom's mischief]
   948 | D:1      | XOM: summons 3 hostile shadow creatures
  1310 | D:1      | 1310 ||| UPGRADING to +0 ring mail.
  1320 | D:1      | 1320 ||| DROPPING +2 leather armour.
  1321 | D:1      | 1321 ||| UPGRADING to +0 tower shield.
  1326 | D:1      | 1326 ||| READING scroll labelled ISICZI ANGUNAHUNO.
  1330 | D:1      | 1330 ||| READING scroll labelled HAKEDI LUFAPI.
  1331 | D:1      | 1331 ||| DRINKING 2 fizzy white potions.
  1332 | D:1      | 1332 ||| DROPPING potion of degeneration.
  1542 | D:2      | Found a bloodstained altar of Trog.
  1642 | D:2      | Noticed Terence
  1643 | D:2      | Noticed Natasha
  1644 | D:2      | 1644 ||| Stepping ~*~*~tactically~*~*~ (hiding).
  1646 | D:2      | 1646 ||| Stepping ~*~*~tactically~*~*~ (hiding).
  1651 | D:2      | HP: 3/29 [Natasha (6)]
  1653 | D:2      | Mangled by Terence

Levels and vault maps discovered:
D:1:      dpeg_arrival_brainrot, layout_basic, serial_shops, shop_statue,
          ebering_ecumenical_altar_hall, bh_walls_and_bars
D:2:      layout_basic, basic_altar, uniq_crazy_yiuf_cottage, uniq_terence,
          uniq_natasha

Skill      XL: |  1  2 |
---------------+-------+-----
Axes           | 4 |  4.5
Fighting       | |  3.6
Armour         | |  2.4
Dodging        | |  1.1
Shields        | |  0.5

Action                   || total
-------------------------++-------
Melee: Hand axe          ||    87
Invok: Renounce Religion ||     1
  Use: Scroll            ||     2
       Potion            ||     1
 Stab: Petrified         ||     2
       Petrifying        ||     1
Armor: Leather armour    ||    18
       Ring mail         ||     8
Dodge: Dodged            ||    45
Block: Tower shield      ||    19

Table legend:
 A = Non-vault XP
 B = Vault XP
 C = Vault XP percentage of total XP
 D = Non-vault monster count
 E = Vault monster count
 F = Vault count percentage of total count
                 A         B        C        D         E       F
            +---------+---------+-------+---------+---------+-------
      Total |      40 |       2 |   4.8 |      21 |       1 |   4.5
            +---------+---------+-------+---------+---------+-------
        D:1 |      34 |       2 |   5.6 |      18 |       1 |   5.3
        D:2 |       6 |       0 |   0.0 |       3 |       0 |   0.0
            +---------+---------+-------+---------+---------+-------
